 Dungeon Crawl Stone Soup version 0.26.1-2-gb8aa6d0cf2 (webtiles) character file.

Game seed: 1790585804925472061

54 Allula97 the Ruffian (level 3, 0/28 HPs)
             Began as a Draconian Transmuter on Feb 26, 2021.
             Succumbed to an adder's poison
             ... on level 2 of the Dungeon.
             The game lasted 00:03:32 (1458 turns).

Allula97 the Ruffian (Draconian Transmuter)         Turns: 1458, Time: 00:03:33

Health: 0/28       AC:  5    Str: 12    XL:     3   Next: 66%
Magic:  6/6        EV: 12    Int: 14    God:
Gold:   5          SH:  0    Dex: 11    Spells: 5/6 levels left

rFire    + . .     SeeInvis .     - Unarmed
rCold    + . .     Faith    .   (no shield)
rNeg     . . .     Spirit   .   (armour unavailable)
rPois    +         Reflect  .   (helmet restricted)
rElec    +         Harm     .   (no cloak)
rCorr    +         Rampage  .   (no gloves)
Will     .....                  (no boots)
Stlth    +.........             (no amulet)
HPRegen  0.09/turn              (no ring)
MPRegen  0.10/turn              (no ring)

@: lethally poisoned (0 -> -3), resistant, flying
A: unfitting armour, cold-blooded, AC +5
a: no special abilities


You were on level 2 of the Dungeon.
You visited 1 branch of the dungeon, and saw 2 of its levels.

You collected 5 gold pieces.

Inventory:

Hand Weapons
 g - a +1 dagger of electrocution
Jewellery
 a - a +6 ring of dexterity {unknown}
Scrolls
 b - 2 scrolls of magic mapping {unknown}
 c - a scroll of enchant armour {unknown}
 d - a scroll of remove curse {unknown}
 e - a scroll of noise {unknown}
 i - a scroll of teleportation {unknown}
 k - a scroll of enchant weapon {unknown}


   Skills:
 * Level 1.5 Fighting
 * Level 2.3 Dodging
 * Level 1.0 Stealth
 * Level 3.7 Unarmed Combat
 * Level 2.1 Spellcasting
 * Level 2.1 Transmutations


You had 5 spell levels left.
You knew the following spells:

 Your Spells              Type           Power        Failure   Level
a - Beastly Appendage     Tmut           14%          10%         1

Your spell library contained the following spells:

 Spells                   Type           Power        Failure   Level
 Wereblood                Tmut           7%           14%         2
 Spider Form              Tmut/Pois      2%           41%         3
 Ice Form                 Ice/Tmut       4%           83%         4
 Blade Hands              Tmut           3%           95%         5


Dungeon Overview and Level Annotations

Branches:
Dungeon (2/15)

Altars:


Innate Abilities, Weirdness & Mutations

Your plain brown scales are hard. (AC +5)
You cannot fit into any form of body armour.
You are cold-blooded and may be slowed by cold attacks.


Message History

The goblin closely misses you.
You see here an adder corpse.
You hit the goblin.
The goblin is heavily wounded.
* * * LOW HITPOINT WARNING * * *
You feel sick. The goblin completely misses you.
* * * LOW HITPOINT WARNING * * *
You feel sick.
You closely miss the goblin.
The goblin is heavily wounded.
The goblin barely misses you.
You hit the goblin.
You kill the goblin!
* * * LOW HITPOINT WARNING * * *
You feel sick.
You see here an adder corpse.
You aren't carrying any potions.
* * * LOW HITPOINT WARNING * * *
You feel sick.
You die...

#.# # ##.###########
#...##........ ########
#...##.####### #......#
#...+...†.<... #......#
#...######....
#......###............#
##......##...†..........
.......@................
#######..........#####.#
#.....####.# #.#
+......# .... ..#
#......# .### ........#
.........# ..........
##...####.#.


There were no monsters in sight!

Vanquished Creatures
  2 adders (D:2)
  A giant cockroach (D:2)
  7 goblins
  5 hobgoblins (D:1)
  3 kobolds (D:1)
  8 bats (D:1)
  2 frilled lizards (D:1)
  4 rats (D:1)
32 creatures vanquished.

Notes
Turn   | Place    | Note
-------+----------+-------------------------------------------
     0 | D:1      | Allula97 the Draconian Transmuter began the quest for the
                  | Orb.
     0 | D:1      | Reached XP level 1. HP: 16/16 MP: 3/3
   179 | D:1      | Reached XP level 2. HP: 7/23 MP: 3/5
   918 | D:1      | Reached skill level 1 in Stealth
   923 | D:1      | Reached XP level 3. HP: 25/28 MP: 4/6
  1450 | D:2      | HP: 1/28 [poisoned by an adder]
  1458 | D:2      | Succumbed to an adder's poison

Illustrated notes

Levels and vault maps discovered:
D:1:      onia_arrival_mini_spirals, layout_loops_ring, minmay_misc_feat_alley
D:2:      layout_basic

Skill      XL: |  1  2 |
---------------+-------+-----
Dodging        | 2 |  2.3
Stealth        | 1 |  1.0
Fighting       | |  1.5
Unarmed Combat | |  3.7
Spellcasting   | |  2.1
Transmutations | |  2.1

Action                   || total
-------------------------++-------
Melee: Unarmed           ||   119
       Tailslap          ||     8
       Punch             ||     3
       Headbutt          ||     2
 Cast: Beastly Appendage ||     3
  Use: Potion            ||     3
 Stab: Sleeping          ||     1
Armor: Skin              ||    59
Dodge: Dodged            ||    99
